cohdb
Replays
Latest Replays
All Replays
Popular Replays
Top Player Replays
Match Explorer
How It Works
Community
CoH3 Stats
Reddit
Sign in to upload your games and track your stats! →
Sign in with Steam
Match 42722010
Unlisted
Match 42722010
Overview
Messages
Build Orders
End
Selects Italian Combined Arms Battlegroup
Selects Bersaglieri Squad
Bersaglieri Squad
Panzergrenadier Squad
Bersaglieri Squad
Construct Light Support Kompanie
Bersaglieri Squad
Selects Bersaglieri Bolster
2.5-tonne Medical Truck
Fire Support Elements
Selects Breda Model 30 Light Machine Guns
Fire Support Elements
le.IG 18 Mechanized Group
Veteran Squad Leaders
Construct Panzerarmee Kommand
Bersaglieri Squad
Tungsten Core Ammunition
Armored Reserves
Vehicle Survival Package
Rapid Advance
Selects Semovente da 75/18 Assault Gun
Selects Carro Armato M13/40 Light Tank
Emergency Repair Kits
Tiger Heavy Tank
Selects Pact of Steel
Bobby Bolivia
Joraad
WOLFGRUNT11B
AzerZ
SullyNeedsWhiskey
VonPharaoh
SirFancyCakes
Xx Ace xX
0
0
Comments
sign in to comment!
No comments posted yet!